Unix NetHack Version 3.7.0-97 Work-in-progress - last build Jan 28 2024 04:41:54 (eae211b052f4c4d875b52ed558e44d2f93f0896c,branch:master). Game began 2024-02-03 13:18:17, ended 2024-02-03 14:00:38. elenmirie, lawful female human Knight --- -- ---.--- .| |.....----- -.. |.......|.------ -.. --.|.......|...-------------- ..- -------.|.........h............--.. --- --- --..---..|..........--.------.....-- --.---.-- |...|...--...---..%.......| --..-..-- |.......| |..--.--|...-- --).......-- |...-..-- --......------....| --..| |@)...|.-- --...|..---- |............>...-- ---- -o..----- --...--....-- --........---...-- .---- |.....----..-- --.....-----...| |....).).....| | --.---- |....| ---..........--..-- -- --- --...| |......[.`[.....-- ...-- ----- --.....)................| | ---).....................| |..))%...............%-- ---.....|......--- .?-- ----.---..|.-- | --- ----- Elenmirie the Bachelor St:15 Dx:10 Co:16 In:9 Wi:14 Ch:17 Lawful Dlvl:4 $:331 HP:0(65) Pw:70(70) AC:3 Xp:7/699 T:3721 Burdened Latest messages: The Uruk-hai hits! You hit the gnome. You hit the Uruk-hai. The Uruk-hai thrusts his orcish short sword. The Uruk-hai hits! The pony misses! The pony misses! You hit the gnome. The Uruk-hai thrusts his orcish short sword. The Uruk-hai misses! The pony misses! The pony bites! The pony kicks! The pony just misses! b - an uncursed +1 lance (weapon in right hand). a - the blessed rustproof +1 Excalibur (weapon in right hand). b - an uncursed +1 lance (alternate weapon; not wielded). The Uruk-hai thrusts his orcish short sword. The Uruk-hai hits! The pony misses! The pony misses! You kill the gnome! The pony kicks! The pony misses! The pony misses! The pony misses! You kill the Uruk-hai! The pony kicks! The pony bites! You hit the pony! The Uruk-hai shoots 2 poisoned orcish arrows! The 1st poisoned orcish arrow misses you. The 2nd poisoned orcish arrow misses you. The pony kicks! The pony bites! You hit the pony! The pony kicks! The pony bites! You kill the pony! The Uruk-hai wields an orcish short sword! The Uruk-hai thrusts her orcish short sword. The Uruk-hai hits! The Uruk-hai thrusts her orcish short sword. The Uruk-hai hits! You die... Do you want your possessions identified? [ynq] (y) y Do you want to see your attributes? [ynq] (y) y Do you want an account of creatures vanquished? [ynaq] (y) y Do you want to see your conduct and achievements? [ynq] (y) y Do you want to see the dungeon overview? [ynq] (y) y Inventory: Coins $ - 331 gold pieces Weapons a - the blessed rustproof +1 Excalibur (weapon in right hand) b - an uncursed +1 lance (alternate weapon; not wielded) Armor d - an uncursed +0 helmet (being worn) f - an uncursed +0 pair of leather gloves (being worn) G - an uncursed +3 small shield e - an uncursed +0 small shield (being worn) c - a blessed +1 ring mail (being worn) Comestibles g - 12 uncursed apples h - 11 uncursed carrots k - 2 uncursed food rations Scrolls l - a blessed scroll of confuse monster I - a cursed scroll of confuse monster K - 2 cursed scrolls of earth i - an uncursed scroll of identify E - 2 uncursed scrolls of light q - a cursed scroll of light J - a cursed scroll of stinking cloud Potions S - a cursed potion of booze R - a cursed potion of confusion L - a cursed potion of extra healing j - an uncursed potion of fruit juice M - 2 cursed potions of gain ability r - an uncursed potion of gain energy V - 2 uncursed potions of healing U - a cursed potion of healing Q - a cursed potion of levitation A - an uncursed potion of object detection T - 2 cursed potions of oil O - a blessed potion of see invisible N - a cursed potion of see invisible s - 2 uncursed potions of water Rings X - a cursed ring of cold resistance t - an uncursed ring of free action Y - a cursed ring of free action F - a cursed ring of hunger W - a cursed ring of hunger Wands z - an uncursed wand of magic missile (0:7) B - an uncursed wand of nothing (0:10) Z - an uncursed wand of probing (0:1) D - a blessed wand of striking (0:4) Tools C - a cursed oil lamp P - an uncursed stethoscope m - a cursed stethoscope x - an uncursed towel Elenmirie the Knight's attributes: Background: You were a Bachelor, a level 7 female human Knight. You were lawful, on a mission for Lugh who was opposed by Brigit (neutral) and Manannan Mac Lir (chaotic). You were right-handed. You were in the Gnomish Mines, on level 4. You entered the dungeon 3721 turns ago. You had 699 experience points, 581 more were needed to attain level 8. Basics: You had 0 out of 65 hit points. You had all 70 energy points (spell power). Your armor class was 3. Your wallet contained 331 zorkmids. Autopickup was on for '$' plus thrown. Final Characteristics: Your strength was 15 (limit:18/100). Your dexterity was 10 (limit:18). Your constitution was 16 (limit:18). Your intelligence was 9 (limit:18). Your wisdom was 14 (limit:18). Your charisma was 17 (limit:18). Final Status: You weren't hungry. You were burdened; movement was slightly slowed. You were wielding a long sword. You were skilled in long sword. Final Attributes: You were piously aligned. You were level-drain resistant. You were telepathic. You had automatic searching. You could jump. You were warded. You were fast. You are dead. Miscellaneous: You encountered 1 bones level. Total elapsed playing time was 42 minutes and 19 seconds. Major events: Turn 1: elenmirie the lawful female human Knight entered the dungeon 575: entered the Gnomish Mines 1031: attained the rank of Esquire (level 3) 2626: endured an absurd aquatic ceremony, and now wields Excalibur 2800: attained the rank of Bachelor (level 6) 3568: destroyed Cloudmillion's ghost, the former Skirmisher 3721: killed by an Uruk-hai Vanquished creatures: a ghost a small mimic a gnome ruler an imp a mountain nymph 7 Mordor orcs 3 Uruk-hai 2 ponies a fog cloud 5 gnome leaders an elf zombie a straw golem a little dog 2 floating eyes 6 hill orcs a rothe a monkey 6 dwarf zombies 2 iguanas a gas spore a large kobold a hobgoblin a giant rat a cave spider a brown mold 10 gnomes 2 geckos 3 jackals a kobold a goblin 3 sewer rats 6 grid bugs 5 bats 7 lichens a kobold zombie 4 newts 93 creatures vanquished. No species were genocided or became extinct. Voluntary challenges: You were illiterate. You never engraved Elbereth. You never genocided any monsters. You never polymorphed an object. You never changed form. You used no wishes. Achievements: You entered the Gnomish Mines. You entered a shop. You attained the rank of Esquire. You attained the rank of Bachelor. The Dungeons of Doom: levels 1 to 6 Level 1: A fountain. Level 2: An altar to Lugh, some fountains. Stairs down to The Gnomish Mines. Level 3: Level 4: Level 5: Level 6: Many fountains. Oracle of Delphi. The Gnomish Mines: levels 3 to 4 Level 3: Level 4: <- You were here. A grave. Final resting place for you, killed by an Uruk-hai, Cloudmillion-Val-Hum-Fem-Law, killed by a gnome lord. Game over: ---------- / \ / REST \ / IN \ / PEACE \ / \ | elenmirie | | 331 Au | | killed by an | | Uruk-hai | | | | | | 2024 | *| * * * | * _________)/\\_//(\/(/\)/\//\/|_)_______ Fare thee well elenmirie the Knight... You died in The Gnomish Mines on dungeon level 4 with 3344 points, and 331 pieces of gold, after 3721 moves. You were level 7 with a maximum of 65 hit points when you died.